 Dungeon Crawl Stone Soup version 0.32-a0-779-g362cfcae2a (webtiles) character file.

Game seed: 4051983885628610555

1373 javelincjr the Conjurer (level 8, -1/46 HPs)
             Began as an Octopode Conjurer on Mar 19, 2024.
             Was an Initiate of Vehumet.
             Slain by Pikel
             ... wielding a +1 whip of freezing
              (2 damage)
             ... on level 6 of the Dungeon.
             The game lasted 00:19:47 (6579 turns).

javelincjr the Conjurer (Octopode Conjurer)         Turns: 6579, Time: 00:19:47

Health: -1/46      AC:  1    Str:  6    XL:     8   Next: 66%
Magic:  8/16       EV: 14    Int: 22    God:    Vehumet [......]
Gold:   261        SH:  0    Dex: 17    Spells: 15/18 levels left

rFire   . . .        f - +3 whip (venom)
rCold   . . .        (no shield)
rNeg    + . .        (helmet restricted)
rPois   .            (no amulet)
rElec   .            g - ring of positive energy
rCorr   .            j - +6 ring of dexterity
SInv    .            (no ring)
Will    .....        (no ring)
Stlth   ++++         (no ring)
HPRegen 0.27/turn    (no ring)
MPRegen 0.15/turn    (no ring)
                     (no ring)

%: no passive effects
@: no status effects
A: almost no armour, amphibious, 8 rings, camouflage 1, gelatinous body 1,
(nimble swimmer 1), tentacles
a: Renounce Religion


You were on level 6 of the Dungeon.
You worshipped Vehumet.
Vehumet was noncommittal.
You visited 2 branches of the dungeon, and saw 7 of its levels.

You collected 261 gold pieces.

Inventory:

Hand Weapons
 e - a +2 whip of electrocution
 f - a +3 whip of venom (weapon)
 E - a +4 flail of holy wrath
Missiles
 l - a throwing net
 u - 6 poisoned darts
Jewellery
 g - a ring of positive energy (left tentacle)
 j - a +6 ring of dexterity (right tentacle)
Wands
 y - a wand of charming (10)
 D - a wand of quicksilver (6)
Scrolls
 b - 2 scrolls of immolation {unknown}
 d - a scroll of revelation {unknown}
 h - a scroll of blinking {unknown}
 k - 2 scrolls of brand weapon {unknown}
 n - 2 scrolls of noise {unknown}
 o - a scroll of amnesia {unknown}
 q - a scroll of teleportation {unknown}
 r - a scroll of fog {unknown}
 t - a scroll of poison {unknown}
 w - a scroll of identify {unknown}
Potions
 a - 2 potions of magic
 c - a potion of attraction
 i - a potion of heal wounds {unknown}
 m - a potion of resistance {unknown}
 p - 2 potions of haste {unknown}
 s - 5 potions of curing
 v - a potion of enlightenment {unknown}
 x - 2 potions of berserk rage {unknown}
 z - a potion of might {unknown}
 A - a potion of lignification {unknown}
 B - a potion of ambrosia {unknown}
 C - a potion of brilliance {unknown}


   Skills:
 + Level 4.5 Dodging
 + Level 6.3 Stealth
 * Level 5.8 Spellcasting
 * Level 7.3 Conjurations


You had 15 spell levels left.
You knew the following spells:

 Your Spells              Type           Power      Damage    Failure   Level
a - Magic Dart            Conj           100%       1d8       1%          1
b - Searing Ray           Conj           76%        2d7       1%          2

Your spell library contained the following spells:

 Spells                   Type           Power      Damage    Failure   Level
 Fulminant Prism          Conj/Alch      11%        3d9       21%         4
 Iskenderun's Mystic Bla  Conj/Tloc      22%        2d6       21%         4
 Passwall                 Erth           6%         N/A       28%         3
 Volatile Blastmotes      Fire/Tloc      12%        2d11      28%         3
 Bombard                  Conj/Erth      11%        9d3       97%         6


Dungeon Overview and Level Annotations

Branches:
Dungeon (6/15)             Temple (1/1) D:5

Altars:
Ashenzari
Fedhas
Hepliaklqana
Kikubaaqudgha
Makhleb
Nemelex Xobeh
Okawaru
Qazlal
Ru
Vehumet
Yredelemnul
Zin
The Shining One

Annotations:
D:6 Eustachio, Pikel


Innate Abilities, Weirdness & Mutations

You cannot wear most types of armour.
You are amphibious.
You can wear up to eight rings at the same time.
Your skin changes colour to match your surroundings (Stealth+).
Your rubbery body absorbs attacks. (AC +1, EV +1)
((You are camouflaged when in or above water. (Stealth+)))
You have tentacles for arms and can constrict up to eight enemies at once.


Message History

Pikel is lightly wounded. (Press . to maintain the ray.)
The searing ray hits Pikel.
Pikel is lightly wounded.
The searing ray hits Pikel.
Pikel is lightly wounded.
The searing ray hits Pikel.
Pikel is moderately wounded.
You finish channelling your searing ray.
Pikel hits you with a +1 whip of freezing.
Pikel freezes you.
Casting: Searing Ray (safe; 1% risk of failure)
Confirm with . or Enter, or press ? or * to list all spells.
Aiming: Searing Ray (safe; 1% risk of failure)
Press: ? - help, Shift-Dir - straight line, f/p - Pikel
Aim: Pikel, wielding a +1 whip of freezing and wearing a +0 robe (moderately wounded, 76% to hit)
The searing ray hits Pikel.
Pikel is moderately wounded. (Press . to maintain the ray.) Pikel hits you with a +1 whip of freezing!
Pikel freezes you.
The searing ray hits Pikel but does no damage.
Pikel is moderately wounded.
Pikel hits you with a +1 whip of freezing!
Pikel freezes you.
The searing ray hits Pikel.
Pikel is heavily wounded.
Pikel hits you with a +1 whip of freezing!
* * * LOW HITPOINT WARNING * * *
Pikel freezes you.
* * * LOW HITPOINT WARNING * * *
Aiming: Charm
Press: ? - help, Q - select action, (/) - cycle Shift-Dir - straight line, f/p - Pikel
Aim: Pikel, wielding a +1 whip of freezing and wearing a +0 robe (heavily wounded, chance to affect: 49%) Pikel resists with some effort.
Pikel hits you with a +1 whip of freezing.
* * * LOW HITPOINT WARNING * * *
Pikel freezes you.
You die...
Pikel says, "Another soul for the market."

#...#......#
#......# #......# .
#..[...# ..
#..^...#
...#####......#
........)##'###..##
..)....K.#.........
.......@.#.........
...#.....#.........
.. #.....#.........
#.....#.........
#..?############
####


You could see Pikel.

Vanquished Creatures
  Grinder (D:3)
  Edmund (D:6)
  A water moccasin (D:4)
  2 ogres
  2 centaurs
  2 phantoms
  4 lemures
  2 orc priests
  A bombardier beetle (D:5)
  2 hounds
  An iguana (D:5)
  2 sleepcaps
  Terence (D:3)
  An orc wizard (D:4)
  9 adders
  A shadow imp (D:5)
  A dart slug (D:1)
  A ribbon worm (D:2)
  26 orcs
  8 endoplasms
  2 giant cockroaches (D:4)
  2 goblins
  4 hobgoblins
  4 jackals (D:1)
  A kobold (D:4)
  5 quokkas
  5 ball pythons
  6 bats
  3 frilled lizards
  7 rats
108 creatures vanquished.

Notes
Turn   | Place    | Note
-------+----------+-------------------------------------------
     0 | D:1      | javelincjr the Octopode Conjurer began the quest for the
                  | Orb.
     0 | D:1      | Reached XP level 1. HP: 11/11 MP: 3/3
   227 | D:1      | Reached XP level 2. HP: 17/17 MP: 3/5
   556 | D:1      | Learned a level 2 spell: Searing Ray
   828 | D:1      | Reached XP level 3. HP: 21/21 MP: 1/6
  1364 | D:2      | Found an ancient bone altar of Kikubaaqudgha.
  1747 | D:2      | Reached XP level 4. HP: 27/27 MP: 1/8
  2661 | D:3      | Reached XP level 5. HP: 26/31 MP: 0/9
  2682 | D:3      | Reached skill level 5 in Conjurations
  2781 | D:3      | Noticed Terence
  2781 | D:3      | Noticed an ogre
  2802 | D:3      | Killed Terence
  3001 | D:3      | Found a burning altar of Makhleb.
  3001 | D:3      | Noticed a cacodemon
  3006 | D:3      | Noticed a ynoxinul
  3006 | D:3      | Noticed a smoke demon
  3170 | D:3      | Killed an ogre
  3171 | D:3      | Reached XP level 6. HP: 36/36 MP: 2/11
  3259 | D:3      | Identified the +5 ring mail of a Labyrinth {rPois rF+
                  | Will+}
  3345 | D:3      | Noticed Grinder
  3346 | D:3      | Paralysed by Grinder for 2 turns
  3371 | D:3      | Killed Grinder
  3372 | D:3      | Reached XP level 7. HP: 25/41 MP: 1/13
  3665 | D:3      | Reached skill level 5 in Stealth
  3665 | D:3      | Reached skill level 6 in Conjurations
  4659 | D:4      | Reached skill level 5 in Spellcasting
  4659 | D:4      | Reached XP level 8. HP: 46/46 MP: 4/15
  5146 | D:5      | Entered Level 5 of the Dungeon
  5167 | D:5      | Found a staircase to the Ecumenical Temple.
  5190 | Temple   | Entered the Ecumenical Temple
  5196 | Temple   | Became a worshipper of Vehumet
  5868 | D:5      | Found an iron altar of Okawaru.
  5972 | D:5      | Reached skill level 7 in Conjurations
  6214 | D:6      | Noticed Eustachio
  6287 | D:6      | Noticed Edmund
  6309 | D:6      | Killed Edmund
  6395 | D:6      | Noticed Pikel
  6579 | D:6      | HP: 1/46 [Pikel/+1 whip of freezing (4)]
  6579 | D:6      | Slain by Pikel

Illustrated notes

Levels and vault maps discovered:
D:1:      dpeg_arrival_tiny_k, layout_basic, minmay_tromino_v4_c
D:2:      layout_basic, basic_altar
D:3:      layout_loops_cross, makhleb_altar_promises_db, uniq_terence,
          uniq_grinder
D:4:      layout_cave_pools
D:5:      layout_loops_ring, marbit_many_paths, minmay_temple_entry_ruins
D:6:      layout_gridville, nicolae_overflow_hidden_temple,
          columned_hall_lemuel, uniq_pikel, uniq_crazy_yiuf_cottage,
          uniq_eustachio, uniq_edmund
Temple:   bh_familiar_temple

Skill      XL: |  1  2  3  4  5  6  7  8 |
---------------+-------------------------+-----
Stealth        | 3 4 5 6 |  6.3
Spellcasting   | 3 4 5 |  5.8
Conjurations   | 5 6 7 |  7.3
Dodging        | 3 4 |  4.5

Action                     |  1- 3 |  4- 6 |  7- 9 || total
---------------------------+-------+-------+-------++-------
  Melee: Unarmed           |    12 |       |       ||    12
         Constrict         |     3 |     2 |     4 ||     9
         Tentacles         |     1 |       |     5 ||     6
         Whip              |       |     4 |    14 ||    18
   Cast: Magic Dart        |    65 |    26 |    92 ||   183
         Searing Ray       |     6 |    11 |    34 ||    51
  Evoke: Wand              |       |       |     1 ||     1
    Use: Potion            |       |       |     3 ||     3
   Stab: Sleeping          |     2 |       |       ||     2
 Armour: Skin              |     6 |     7 |    46 ||    59
  Dodge: Dodged            |     7 |     9 |    45 ||    61

Table legend: (Time is in decaauts)
 A = Elapsed time spent in this place.
 B = Non-inter-level travel time spent in this place.
 C = Inter-level travel time spent in this place.
 D = Time resting spent in this place.
 E = Time spent auto-exploring this place.
 F = Levels seen in this place.
 G = Mean time per level.
                   A        B        C        D        E       F      G
               +--------+--------+--------+--------+--------+-----+--------+
         Total |   6585 |   6396 |    189 |    779 |   4685 |   7 |  940.7 |
       Dungeon |   6570 |   6386 |    184 |    779 |   4685 |   6 | 1095.0 |
        Temple |     14 |      9 |      5 |      0 |      0 |   1 |   14.0 |
               +--------+--------+--------+--------+--------+-----+--------+

Top non-repeatable levels by time:
     D:2: 1435 daAuts
     D:3: 1357 daAuts
     D:1: 1202 daAuts
     D:5: 1197 daAuts
     D:4: 1154 daAuts
     D:6: 223 daAuts
  Temple: 14 daAuts
